 Dungeon Crawl Stone Soup version 0.19.0-2-gae57169 (webtiles) character file.

44 GhostOfComunism the Stinger (level 3, 0/21 HPs)
             Began as an Octopode Venom Mage on Nov 5, 2016.
             Slain by a goblin
             ... wielding a +0 dagger
              (3 damage)
             ... on level 2 of the Dungeon.
             The game lasted 00:28:03 (1190 turns).

GhostOfComunism the Stinger (Octopode Venom Mage)   Turns: 1190, Time: 00:28:04

Health: 0/21       AC:  1    Str:  7    XL:     3   Next: 62%
Magic:  3/6        EV: 13    Int: 18    God:
Gold:   122        SH:  0    Dex: 12    Spells: 2 memorised, 3 levels left

rFire  . . .     SeeInvis .     d - +0 whip
rCold  . . .     Gourm    .     (no shield)
rNeg   . . .     Faith    .     (helmet restricted)
rPois  .         Spirit   .     (no amulet)
rElec  .         Reflect  .     (no ring)
rCorr  .         Harm     .     (no ring)
MR     .....                    (no ring)
Stlth  ++........               (no ring)
                                (no ring)
                                (no ring)
                                (no ring)
                                (no ring)

@: confused
A: almost no armour, stealthy swim, amphibious, 8 rings, constrict 8, camouflage
1, gelatinous body 1
a: no special abilities


You were on level 2 of the Dungeon.
You were not hungry.

You visited 1 branch of the dungeon, and saw 2 of its levels.

You collected 122 gold pieces.

Inventory:

Hand Weapons
 d - a +0 whip (weapon)
Potions
 e - a potion of heal wounds
Books
 a - a Young Poisoner's Handbook

   Spells                             Type                      Level
   a - Sting                          Conjuration/Poison           1
   b - Mephitic Cloud                 Conjuration/Poison/Air       3
   c - Olgreb's Toxic Radiance        Poison                       4
   d - Alistair's Intoxication        Transmutation/Poison         5
   e - Venom Bolt                     Conjuration/Poison           5
Comestibles
 b - 3 bread rations
 c - a meat ration


   Skills:
 + Level 2.4 Dodging
 - Level 2.6 Stealth
 + Level 2.6 Spellcasting
 - Level 1.2 Conjurations
 + Level 5.2 Poison Magic


You had 3 spell levels left.
You knew the following spells:

 Your Spells              Type           Power        Failure   Level  Hunger
a - Sting                 Conj/Pois      ##..         6%          1    #......
b - Mephitic Cloud        Conj/Pois/Air  ##......     24%         3    ###....


Dungeon Overview and Level Annotations

Branches:
Dungeon (2/15)

Altars:

Annotations:
D:2 Sigmund


Innate Abilities, Weirdness & Mutations

You cannot wear most types of armour.
You are very stealthy in the water. (Stealth+)
You are amphibious.
You can wear up to eight rings at the same time.
You can use your tentacles to constrict eight enemies at once.
Your skin changes colour to match your surroundings (Stealth+).
Your rubbery body absorbs attacks. (AC +1, EV +1)


Message History

The sting misses the goblin.
The goblin misses you.
Sigmund hits you from afar with a scythe!
Sigmund mumbles some strange words.
Sigmund flickers and vanishes!
Deactivating autopickup; reactivate with Ctrl-A.
You see here a quokka corpse.
Found a beef jerky.
You are confused.
The goblin hits you with a dagger.
You hit the goblin. Your squeeze misses the goblin.
The goblin is severely wounded.
The goblin hits you but does no damage. The goblin barely misses you.
You barely miss the goblin. Your squeeze misses the goblin.
The goblin is severely wounded.
Something hits you!
* * * LOW HITPOINT WARNING * * *
The goblin hits you with a dagger.
* * * LOW HITPOINT WARNING * * *
The goblin hits you with a dagger.
You die...

#..........# *,,,,.,,,,,**
#..........########.....,,,,,*,
#..........#.....<#.....,,,,,*,
#......).................,,,,*,
#...................####.*****,
#....†..............###*,****,,
#...................>..,,,,,,,,
#.).....................,,,,,,*
#.............@.........,,,,,,*
######.####....g........,,,,,,*
#####.###.(........#...,,,,,,*
#........[.........#,,,,,,,,,*
#..................#,,,,,,,,,,
###..................#,,,,,,,,,,
##............^.......#,,,,,,,,,*
...#........#.....%...#**,,,,,***
.###...................,,,,,*,***


You could see a goblin.

Vanquished Creatures
  An adder (D:2)
  A dart slug (D:1)
  A leopard gecko (D:1)
  3 giant cockroaches (D:1)
  5 goblins
  5 hobgoblins (D:1)
  2 jackals (D:1)
  4 kobolds (D:1)
  A quokka (D:2)
  2 bats (D:1)
  2 frilled lizards (D:1)
  2 rats
29 creatures vanquished.

Notes
Turn   | Place    | Note
-------+----------+-------------------------------------------
     0 | D:1      | GhostOfComunism the Octopode Venom Mage began the quest for the Orb.
     0 | D:1      | Reached XP level 1. HP: 11/11 MP: 3/3
   226 | D:1      | Reached XP level 2. HP: 16/17 MP: 3/5
   384 | D:1      | Reached skill level 5 in Poison Magic
   425 | D:1      | Reached skill level 1 in Conjurations
   511 | D:1      | Reached XP level 3. HP: 20/21 MP: 1/6
   516 | D:1      | Learned a level 3 spell: Mephitic Cloud
  1162 | D:2      | Noticed Sigmund
  1190 | D:2      | Slain by a goblin

Skill      XL: |  1  2 |
---------------+-------+-----
Poison Magic   | 5 |  5.2
Conjurations   | 1 |  1.2
Dodging        | |  2.4
Stealth        | |  2.6
Spellcasting   | |  2.6

Action                   || total
-------------------------++-------
Melee: Unarmed           ||    14
       Tentacles         ||     4
       Constrict         ||     6
       Whip              ||    13
 Cast: Sting             ||    48
       Mephitic Cloud    ||     2
  Use: Scroll            ||     5
       Potion            ||     2
  Eat: Chunk             ||     1
Armor: Skin              ||     2
Dodge: Dodged            ||    16
